 Dungeon Crawl Stone Soup version 0.27.1-4-g1640c2035a (webtiles) character file.

Game seed: 8106178250391610349

4692 Almogavar the Carver (level 10, -3/91 HPs)
             Began as a Minotaur Berserker on Nov 9, 2021.
             Was an Elder of Trog.
             Slain by a fire vortex (22 damage)
             ... on level 8 of the Dungeon.
             The game lasted 00:19:19 (9680 turns).

Almogavar the Carver (Minotaur Berserker)           Turns: 9680, Time: 00:19:20

Health: -3/91      AC: 10    Str: 24    XL:     10   Next: 21%
Magic:  9/9        EV: 13    Int:  4    God:    Trog [****..]
Gold:   238        SH:  5    Dex: 11    Spells: 9/9 levels left

rFire    . . .     SeeInvis .   a - +0 falchion
rCold    + . .     Faith    .   g - +0 buckler
rNeg     . . .     Spirit   .   B - +0 acid dragon scales
rPois    .         Reflect  .   (helmet restricted)
rElec    .         Harm     .   m - +0 cloak
rCorr    +         Rampage  .   (no gloves)
Will     .....                  l - +0 pair of boots
Stlth    +.........             (no amulet)
HPRegen  0.25/turn              G - ring of protection from cold
MPRegen  0.11/turn              (no ring)

@: on berserk cooldown, slowed, very slow
A: horns 2, retaliatory headbutt
a: Renounce Religion, Berserk, Trog's Hand, Brothers in Arms


You were on level 8 of the Dungeon.
You worshipped Trog.
Trog was greatly pleased with you.
You visited 1 branch of the dungeon, and saw 8 of its levels.
You also visited: Ossuary.

You collected 328 gold pieces.
You spent 90 gold pieces at shops.

Inventory:

Hand Weapons
 a - a +0 falchion (weapon)
 e - a +0 hunting sling
 H - a +3 great sword
Missiles
 c - 145 stones (quivered)
 f - 178 arrows
 h - 103 sling bullets
 C - 71 bolts
Armour
 g - a +0 buckler (worn)
 l - a +0 pair of boots (worn)
 m - a +0 cloak (worn)
 p - a +0 chain mail
 y - a +0 leather armour of cold resistance
 B - +0 acid dragon scales (worn)
Jewellery
 G - a ring of protection from cold (left hand)
 I - an amulet of magic regeneration
Wands
 t - a wand of polymorph (7)
 v - a wand of paralysis (9)
Scrolls
 j - 4 scrolls of teleportation
 k - a scroll of enchant weapon
 x - 2 scrolls of torment {unknown}
 z - 3 scrolls of noise {unknown}
 D - 2 scrolls of blinking
 F - a scroll of fear {unknown}
 J - a scroll of identify
Potions
 b - a potion of might
 d - 7 potions of curing
 i - 3 potions of mutation
 n - a potion of invisibility {unknown}
 o - 2 potions of lignification
 q - a potion of heal wounds
 r - a potion of haste
 s - 4 potions of degeneration {unknown}
 u - 3 potions of attraction {unknown}
 w - 5 potions of flight {unknown}
 A - a potion of cancellation {unknown}
 E - a potion of ambrosia {unknown}


   Skills:
 + Level 9.4 Fighting
 + Level 11.9 Long Blades
 - Level 6.1 Armour
 + Level 6.7 Dodging
 - Level 0.1 Stealth
 + Level 5.3 Shields


You had 9 spell levels left.
You didn't know any spells.
Your spell library was empty.

Dungeon Overview and Level Annotations

Branches:
Dungeon (8/15)             Temple (0/1) D:7            Lair (0/6) D:8
Ossuary (visited)

Altars:

Shops:
D:2 (   D:6 *


Innate Abilities, Weirdness & Mutations

You have a pair of horns on your head.
You reflexively headbutt those who attack you in melee.


Message History

The blast of flame hits you!
The fire bat bites you but does no damage.
The fire bat bites you.
You are engulfed in flames!
* * * LOW HITPOINT WARNING * * *
The fire bat misses you. You furiously retaliate!
You headbutt the fire bat!
The fire bat bites you but does no damage.
There is an open door here.
The fire bat bites you.
* * * LOW HITPOINT WARNING * * *
You are engulfed in flames.
* * * LOW HITPOINT WARNING * * *
The fire bat bites you but does no damage.
A red film seems to cover your vision as you go berserk!
You feel yourself moving faster!
You feel mighty! The fire bat closely misses you.
The fire bat bites you but does no damage.
You block the fire bat's attack.
You are too injured to fight recklessly!
You are too injured to fight recklessly!
You are too injured to fight recklessly!
You closely miss the fire bat.
The fire bat is severely wounded.
The fire bat barely misses you.
You riposte.
You slash the fire bat!
You kill the fire bat!
Trog accepts your kill.
You slash the fire bat! You headbutt the fire bat.
You kill the fire bat!
Trog accepts your kill.
You start resting.
You feel a strong urge to attack something.
You start resting.
You feel your anger nearly subside.
You are no longer berserk.
You are exhausted.
You feel yourself slow down.
You start resting.
A fire vortex is nearby!
A fire vortex is nearby!
A fire vortex is nearby!
The fire vortex hits you. The fire vortex burns you!
You die...

.....................#
.####
.####..###############
.###...## #######
.##.....# #.....# #
.###...## #.###.#
.####..# #.# #.###
.......# #.# #...#
###.#### #.# #.#'########
#.# #.# #@##......≈# #.#
#.# #.##..≈v≈≈.#
###.########.#
#.##.≈≈≈§..#
............<#
#.##.≈vh°v##
###.########.#
#.##.≈.§.##
#.########.###..#.≈..#|S
#..............##≈..##S.#
##############.###### ##


There were no monsters in sight!

Vanquished Creatures
  A komodo dragon (D:8)
  Grinder (D:5)
  3 slime creatures (D:8)
  4 fire bats (D:8)
  Menkaure (Ossuary)
  A water moccasin (D:7)
  An acid dragon (D:5)
  2 sky beasts
  An ice beast (D:8)
  A black bear (D:7)
  4 ogres
  A phantom (D:4)
  3 centaurs
  Blork the orc (D:4)
  3 bullfrogs
  3 scorpions
  2 water moccasin skeletons
  3 wights (D:7)
  4 killer bees (D:7)
  2 howler monkeys
  3 orc priests
  3 jellies
  2 hounds
  A centaur skeleton (D:4)
  Ijyb (D:5)
  2 iguanas
  Natasha (D:3)
  An orc wizard (D:7)
  2 hound zombies (D:5)
  3 mummies (Ossuary)
  7 gnolls (D:4)
  8 adders
  A shadow imp (D:6)
  3 white imps
  An adder zombie (D:5)
  A worm (D:4)
  A dart slug (D:4)
  17 orcs
  5 endoplasms
  A giant cockroach (D:3)
  5 gnoll zombies (Ossuary)
  A hobgoblin (D:1)
  A quokka (D:1)
  4 ball pythons
  5 bats
  4 frilled lizards
  6 gnoll skeletons (Ossuary)
  A goblin (D:3)
  A goblin skeleton (Ossuary)
  5 goblin zombies (Ossuary)
  2 hobgoblin skeletons (Ossuary)
  4 hobgoblin zombies (Ossuary)
  6 kobold skeletons (Ossuary)
  3 kobold zombies (Ossuary)
  6 orc skeletons (Ossuary)
  5 orc zombies (Ossuary)
  6 rats
  4 rat skeletons (Ossuary)
  3 rat zombies (Ossuary)
178 creatures vanquished.

Vanquished Creatures (others)
  15 plants (D:8)
15 creatures vanquished.

Grand Total: 193 creatures vanquished

Notes
Turn   | Place    | Note
-------+----------+-------------------------------------------
     0 | D:1      | Almogavar the Minotaur Berserker began the quest for the
                  | Orb.
     0 | D:1      | Reached XP level 1. HP: 19/19 MP: 0/0
    83 | D:1      | Found a faded altar of an unknown god.
   869 | D:2      | Found Atuplaav's Antique Weapon Boutique.
   946 | D:2      | Reached skill level 4 in Long Blades
   946 | D:2      | Reached XP level 2. HP: 25/27 MP: 1/1
  1217 | D:2      | Reached XP level 3. HP: 17/34 MP: 2/2
  1646 | D:2      | Reached XP level 4. HP: 41/41 MP: 3/3
  2372 | D:3      | Noticed Natasha
  2381 | D:3      | Killed Natasha
  2382 | D:3      | Reached skill level 5 in Fighting
  2382 | D:3      | Reached skill level 5 in Long Blades
  2382 | D:3      | Reached XP level 5. HP: 44/48 MP: 4/4
  2582 | D:3      | Reached ** piety under Trog
  2862 | D:4      | Reached XP level 6. HP: 32/56 MP: 5/5
  3223 | D:4      | Reached skill level 6 in Long Blades
  3502 | D:4      | Noticed Blork the orc
  3508 | D:4      | Killed Blork the orc
  3509 | D:4      | Reached XP level 7. HP: 62/62 MP: 6/6
  3515 | D:4      | Identified the -1 helmet of Cequsau {rElec SInv}
  4005 | D:5      | Entered Level 5 of the Dungeon
  4272 | D:5      | Reached skill level 7 in Long Blades
  4272 | D:5      | Reached skill level 5 in Armour
  4280 | D:5      | Noticed Grinder
  4284 | D:5      | Killed Grinder
  4459 | D:5      | Found a sand-covered staircase.
  4464 | Ossuary  | Entered an ossuary
  4629 | Ossuary  | Reached *** piety under Trog
  4644 | Ossuary  | Reached XP level 8. HP: 68/71 MP: 7/7
  4760 | Ossuary  | Noticed Menkaure
  4770 | Ossuary  | Killed Menkaure
  4771 | Ossuary  | Reached skill level 8 in Long Blades
  5145 | D:5      | Noticed Ijyb
  5148 | D:5      | Paralysed by Ijyb for 3 turns
  5157 | D:5      | Killed Ijyb
  5394 | D:5      | Reached **** piety under Trog
  5837 | D:5      | Reached skill level 9 in Long Blades
  6221 | D:6      | Reached skill level 5 in Dodging
  6221 | D:6      | Reached skill level 1 in Shields
  6356 | D:6      | Found Seis Unu's General Store.
  6367 | D:6      | Bought a scroll of blinking for 90 gold pieces
  6843 | D:7      | Reached XP level 9. HP: 46/79 MP: 8/8
  6886 | D:7      | Reached skill level 10 in Long Blades
  7075 | D:7      | Found a staircase to the Ecumenical Temple.
  8877 | D:8      | Found a staircase to the Lair.
  8877 | D:8      | Noticed a komodo dragon
  8884 | D:8      | Killed a komodo dragon
  8885 | D:8      | Reached skill level 11 in Long Blades
  9096 | D:8      | Reached skill level 5 in Shields
  9164 | D:8      | Killed a large slime creature
  9165 | D:8      | Reached XP level 10. HP: 24/90 MP: 9/9
  9680 | D:8      | Slain by a fire vortex

Illustrated notes

Levels and vault maps discovered:
D:1:      minmay_arrival_four_loops, layout_basic,
          ebering_ecumenical_altar_petrified, supply_closet_lemuel,
          hangedman_decor_lopped
D:2:      layout_basic, serial_shops, shop
D:3:      layout_basic, uniq_natasha
D:4:      layout_cave_pools, small_statue_intersection,
          kennysheep_generic_room_14, uniq_blork_the_orc
D:5:      layout_basic, enter_ossuary_2, uniq_grinder, uniq_ijyb
D:6:      layout_cave_pools, serial_shops, shop, corexii_leaking_fountain
D:7:      layout_layer_cave, temple_statues, wad_floor_pattern_1
D:8:      layout_loops_ring, david_lair_shrubbed, hangedman_incinerator

Skill      XL: |  1  2  3  4  5  6  7  8  9 10 |
---------------+-------------------------------+-----
Fighting       | 4 5 6 7 8 9 |  9.4
Long Blades    | 4 5 6 7 9 11 | 11.9
Armour         | 3 4 5 6 |  6.1
Dodging        | 3 4 5 6 |  6.7
Shields        | 2 5 |  5.3
Stealth        | |  0.1

Action                   |  1- 3 |  4- 6 |  7- 9 | 10-12 || total
-------------------------+-------+-------+-------+-------++-------
Melee: Falchion          |    34 |    87 |   400 |    20 ||   541
       Headbutt          |     9 |    20 |    85 |     7 ||   121
Invok: Berserk           |     1 |     2 |     5 |     1 ||     9
       Trog's Hand       |       |     1 |     2 |       ||     3
  Use: Scroll            |     1 |     4 |     7 |       ||    12
Armor: Leather armour    |     7 |    13 |       |       ||    20
       Animal skin       |     1 |       |       |       ||     1
       Ring mail         |       |     3 |    58 |       ||    61
       Acid dragon scale |       |       |    57 |    13 ||    70
Dodge: Dodged            |    33 |    50 |   187 |    13 ||   283
Block: Buckler           |       |       |       |     5 ||     5
       Rpst.: Falchion   |    13 |    12 |    48 |     4 ||    77
